AoeStats
← Edward LongPlanks

Arabian Desert

509790232Analyzed
1v1 RM · 5d ago on Sep 28, 2026· 24m 25s· 2 players
Game mode
Random Map
Map size
Tiny (2 player)
Population
200
Speed
Normal
Resources
Standard
Victory
Conquest
Starting age
Dark Age
Ending age
Imperial Age
RankedLock teamsTeams togetherTeam positionsShared explorationLock speedFull tech treeHidden civsTurbo modeCheats
Victory
Defeat
🇺🇸 Aztecs · United States
453
+13
🇺🇸 Saxons · United States
395
-13
Edward LongPlanks
5:12 Loom
13:18 Feudal Age
13:21 Man-at-Arms
13:50 Double-Bit Axe
13:52 Horse Collar
18:00 Wheelbarrow
21:54 Castle Age
Lilith
12:54 Feudal Age
13:42 Double-Bit Axe
18:15 Horse Collar
20:40 Castle Age
22:59 Crossbowman
Connection lost

Rejoining the realm…

Still unreachable

The connection could not be restored.

Session expired

The server has moved on; the page needs a fresh start.